Map: Blackburn LE

Players

TeebuL - Winner!

  • Race: Protoss Protoss

Demi

  • Race: Zerg Zerg

Event: DreamHack SC2 Masters 2021 Fall

VOD

Have the link to the VOD?

Description

Time

  • Played on: July 28, 2021, 6:49 a.m.
  • Length: 11:06

All games in this series

Show
View Real Time Build Order
Export as new Build Order

TeebuL Protoss - Winner!

Build Orders: 1 Gate Expand 

Get SALT Encoding   

  12  0:00  Probe  
  13  0:12  Probe  
  14  0:20  Pylon  
  14  0:24  Probe  
  15  0:29  Assimilator  
  15  0:38  Probe (Chrono Boost)  
  16  0:47  Probe (Chrono Boost)  
  16  0:48  Gateway  
  17  0:52  Probe  
  18  1:04  Probe  
  19  1:16  Probe  
  20  1:23  Nexus  
  20  1:28  Probe  
  21  1:36  Cybernetics Core  
  21  1:41  Probe  
  21  1:44  Assimilator  
  22  1:51  Pylon  
  22  1:54  Probe  
  23  2:09  Probe  
  23  2:13  Adept (Chrono Boost)  
  23  2:14  Stargate  
  24  2:21  Warp Gate  
  24  2:22  Probe  
  27  2:34  Adept (Chrono Boost), Probe  
  27  2:35  Probe  
  30  2:43  Probe  
  31  2:46  Pylon, Probe  
  33  2:51  Void Ray (Chrono Boost)  
  33  2:53  Probe  
  34  2:58  Probe  
  34  3:05  Probe  
  40  3:11  Gateway  
  40  3:12  Probe  
  41  3:15  Pylon  
  41  3:18  Probe  
  42  3:22  Adept  
  42  3:24  Probe  
  45  3:30  Probe  
  45  3:31  Void Ray  
  46  3:36  Probe  
  51  3:42  Probe  
  51  3:43  Pylon  
  52  3:52  Probe  
  53  3:57  Probe  
  53  4:04  Probe  
  54  4:11  Probe  
  54  4:12  Pylon  
  54  4:14  Nexus  
  55  4:18  Twilight Council  
  55  4:22  Probe  
  56  4:25  Gateway  
  56  4:26  Gateway  
  56  4:27  Probe  
  57  4:34  Probe  
  57  4:35  Adept x2  
  62  4:39  Assimilator  
  62  4:44  Assimilator  
  63  4:45  Probe  
  63  4:47  Pylon, Resonating Glaives (Chrono Boost)  
  63  4:51  Probe  
  64  5:00  Probe  
  64  5:01  Adept x2  
  64  5:04  Pylon  
  64  5:06  Probe  
  70  5:08  Pylon  
  70  5:12  Probe  
  71  5:18  Probe  
  72  5:22  Adept x2  
  72  5:23  Adept x2  
  72  5:24  Probe  
  72  5:25  Pylon  
  72  5:26  Probe  
  82  5:31  Probe  
  83  5:36  Probe (Chrono Boost)  
  83  5:38  Probe (Chrono Boost)  
  85  5:42  Adept  
  85  5:43  Adept x2, Probe (Chrono Boost)  
  85  5:49  Probe (Chrono Boost)  
  92  5:50  Probe (Chrono Boost)  
  92  5:58  Probe x2 (Chrono Boost)  
  92  6:00  Robotics Facility  
  92  6:02  Pylon  
  92  6:03  Blink (Chrono Boost), Sentry x4  
  102  6:06  Probe  
  102  6:07  Probe  
  102  6:21  Probe  
  102  6:24  Probe  
  94  6:31  Probe  
  91  6:33  Probe  
  91  6:35  Sentry, Stalker x3  
  91  6:36  Probe  
  91  6:40  Gateway  
  91  6:43  Gateway  
  91  6:45  Gateway  
  92  6:47  Gateway  
  92  6:48  Gateway  
  92  6:49  Gateway  
  92  6:52  Probe  
  92  6:54  Assimilator x2  
  92  6:56  Warp Prism (Chrono Boost)  
  92  6:57  Shield Battery  
  92  7:01  Stalker  
  96  7:07  Stalker x2  
  96  7:08  Sentry  
  102  7:17  Pylon  
  102  7:19  Pylon  
  102  7:25  Stalker  
  104  7:34  Stalker x3  
  104  7:39  Observer  
  104  7:41  Adept x2  
  109  7:47  Pylon  
  105  7:53  Stalker x5  
  115  7:59  Shield Battery, Stalker x3  
  116  8:17  Stalker x7  
  122  8:27  Stalker  
  122  8:28  Sentry  
  122  8:34  Adept  
  114  8:42  Stalker  
  112  8:55  Stalker x2  
  104  9:04  Stalker  
  104  9:05  Stalker  
  92  9:20  Stalker x3  
  96  9:39  Stalker x3  
  100  9:46  Probe x3  
  100  9:50  Stalker x2  
  107  9:58  Stalker x2  
  108  10:05  Stalker x2  
  104  10:23  Stalker x3  
  110  10:32  Stalker x2  
  114  10:40  Stalker  
  114  10:41  Stalker  
Show
View Real Time Build Order
Export as new Build Order

Demi Zerg 

Build Orders: Hatch First 

Get SALT Encoding   

  12  0:00  Drone  
  13  0:12  Overlord  
  13  0:17  Drone  
  14  0:31  Drone x2  
  16  0:48  Hatchery  
  15  0:51  Drone  
  15  0:55  Drone  
  17  0:59  Drone  
  18  1:09  Extractor  
  17  1:14  Spawning Pool  
  17  1:17  Drone  
  17  1:20  Drone  
  18  1:28  Drone  
  19  1:40  Drone  
  20  1:49  Overlord  
  20  2:01  Queen x2  
  20  2:02  Zergling x2  
  20  2:03  Drone  
  26  2:11  Drone  
  26  2:13  Metabolic Boost  
  27  2:19  Drone  
  28  2:25  Drone x2  
  30  2:34  Drone  
  30  2:35  Zergling x2  
  32  2:42  Queen  
  32  2:43  Overlord  
  34  2:55  Hatchery  
  34  2:56  Drone x2  
  34  2:57  Drone  
  36  3:08  Zergling x4, Queen  
  36  3:11  Overlord  
  40  3:14  Drone  
  40  3:15  Drone  
  40  3:19  Drone  
  43  3:29  Queen, Drone  
  43  3:32  Drone x3  
  47  3:39  Overlord  
  47  3:40  Overlord  
  47  3:50  Overlord  
  47  4:01  Spore Crawler, Drone x5, Evolution Chamber  
  50  4:06  Zergling x4  
  52  4:14  Queen  
  52  4:16  Drone  
  56  4:17  Drone  
  56  4:22  Lair  
  56  4:26  Drone x3  
  56  4:27  Drone  
  56  4:30  Extractor  
  59  4:32  Extractor  
  58  4:39  Roach Warren  
  58  4:40  Zergling x4  
  58  4:41  Drone  
  58  4:42  Drone x2  
  61  4:46  Drone x3  
  61  4:47  Drone  
  61  4:49  Zerg Missile Weapons Level 1  
  65  4:54  Overlord  
  65  4:55  Overlord  
  65  5:01  Drone x4  
  65  5:05  Overlord x2  
  69  5:11  Drone  
  69  5:12  Overlord x2  
  70  5:16  Extractor  
  70  5:19  Drone x6  
  75  5:29  Spire  
  75  5:33  Roach Warren  
  73  5:36  Extractor  
  73  5:37  Extractor  
  73  5:38  Zergling x2  
  73  5:39  Zergling x14  
  78  5:47  Zergling x2  
  78  5:48  Zergling x12  
  83  5:57  Zergling x6  
  83  6:04  Evolution Chamber  
  84  6:07  Zergling x12  
  77  6:20  Roach x6  
  74  6:35  Drone x8  
  81  7:01  Roach Warren  
  81  7:07  Hatchery  
  79  7:11  Mutalisk  
  79  7:12  Mutalisk x5  
  79  7:14  Mutalisk  
  93  7:17  Mutalisk  
  90  7:35  Drone x3  
  93  7:43  Roach  
  97  7:44  Roach x2  
  101  7:51  Roach x3  
  101  7:53  Ravager x4  
  101  7:54  Ravager  
  101  7:55  Ravager  
  111  7:59  Zergling x6  
  114  8:12  Zergling x2  
  112  8:13  Zergling x16  
  112  8:18  Zergling x8  
  113  8:24  Ravager x2  
  113  8:25  Zergling x2  
  113  8:26  Zergling x6  
  113  8:32  Zergling x4  
  104  8:37  Zergling x6  
  104  8:41  Zergling x6  
  77  8:57  Zergling x2  
  56  9:37  Zergling x2  
  56  9:38  Zergling x4  
  50  9:42  Zergling x2  
  50  9:44  Zergling x2  
  51  9:50  Zergling x2  
  50  10:18  Spawning Pool  
  49  10:22  Drone  
  50  10:28  Drone  
  50  10:33  Drone  
  52  10:45  Drone  
  52  10:46  Drone  

Tags
 
Add a new tag
Caveats
  • Supply blocks, unpowered buildings, or Contaminate may cause inaccurate times.
  • Supply counts are checked every 10 seconds.